[Event "July 23 Late 2024"]
[Site "Chess.com"]
[Date "2024.07.23"]
[Round "7.55"]
[White "Fantinel, Thibault"]
[Black "Esmeraldas Huachi, Anderson"]
[Result "1-0"]
[ECO "A08"]
[WhiteElo "2671"]
[BlackElo "2516"]
[PlyCount "215"]
[EventDate "2024.??.??"]
[WhiteTeam "FRA"]
[BlackTeam "ECU"]
[TimeControl "180+1"]
[WhiteClock "0:00:15"]

1. Nf3 d5 2. g3 c5 3. Bg2 Nf6 4. O-O h6 5. b3 e6 6. Bb2 Be7 7. e3 O-O 8. c4 Nc6 9. cxd5 $146 ({RR} 9. Qe2 b6 10. Rd1 Bb7 11. d4 Rc8 12. cxd5 exd5 13. Nc3 Rc7 14. Rac1 Qa8 15. dxc5 bxc5 16. Na4 Nb4 17. a3 Ba6 18. Qd2 Nd3 19. Rc2 Ne4 20. Qa5 Qb7 21. Ne1 Nxb2 22. Rxb2 Bf6 23. Rbb1 Be2 {Ramirez Madrid,G (1950)-Esmeraldas Huachi,A (2148) chess.com INT 2024 1-0 (31)}) 9... exd5 10. d4 b6 11. Nc3 Bb7 12. Rc1 Rc8 13. Bh3 Ra8 14. dxc5 bxc5 15. Na4 Ba6 16. Re1 c4 17. Bf1 Na5 18. Nd4 Bb4 19. Bc3 Bxc3 20. Nxc3 Qb6 21. Bg2 Rad8 22. Na4 Qc7 23. Nf5 Qe5 24. Nd4 Ne4 25. Nc3 Rc8 26. Nxe4 dxe4 27. Qg4 f5 28. Qh5 c3 29. Bf1 Bxf1 30. Kxf1 Nc6 31. Nxc6 Rxc6 32. Qe2 Rfc8 33. Rc2 a5 34. Rec1 Qd5 35. Kg2 Qd3 36. Qh5 Qd5 37. Qe2 Qe5 38. h4 Rd6 39. Qe1 Rd3 40. Qe2 Rc7 41. Qh5 Kh7 42. Qe2 Qd5 43. Qe1 Rc6 44. Rxc3 Rcxc3 45. Rxc3 Rd2 46. Rc5 Qd7 47. Rxf5 Rxa2 48. Rxa5 Rb2 49. Qc3 Rb1 50. Qe5 Qg4 51. Qf5+ Qxf5 52. Rxf5 Rxb3 53. Re5 Rb4 54. g4 Kg6 55. h5+ Kf6 56. Rf5+ Ke6 57. Kg3 Rb1 58. Kf4 Rg1 59. Re5+ Kf6 60. Rxe4 Rg2 61. Kf3 Rg1 62. Rf4+ Ke6 63. Rc4 Rd1 64. Rc6+ Ke5 65. Rc5+ Kf6 66. Rc6+ Ke5 67. Rc7 Kf6 68. Ra7 Rd6 69. Kg3 Rb6 70. f3 Rb4 71. e4 Rb5 72. Kf4 g5+ 73. hxg6 Kxg6 74. Ra6+ Kg7 75. Rd6 Rb7 76. Rd5 Rf7+ 77. Kg3 Re7 78. e5 Kf7 79. f4 Ra7 80. Rd4 Kg7 81. Kf3 Ra1 82. Ke4 Rg1 83. Kf5 Ra1 84. Rd7+ Kf8 85. Rh7 Ra6 86. e6 Ra5+ 87. Kf6 Kg8 88. Rxh6 Ra8 89. Rg6+ Kh7 90. f5 Rf8+ 91. Ke7 Rh8 92. Rf6 Ra8 93. Rf7+ Kg8 94. Kf6 Ra4 95. g5 Re4 96. g6 Rh4 97. Rd7 Rd4 98. Rd8+ Rxd8 99. e7 Ra8 100. Ke6 Ra6+ 101. Kd7 Ra7+ 102. Kd6 Ra6+ 103. Ke5 Ra5+ 104. Kf4 Ra8 105. f6 Kh8 106. f7 Kg7 107. e8=Q Ra4+ 108. Kf5 1-0

[Event "July 23 Late 2024"]
[Site "Chess.com"]
[Date "2024.07.23"]
[Round "9.70"]
[White "Svane, Rasmus"]
[Black "Esmeraldas Huachi, Anderson"]
[Result "1-0"]
[ECO "A08"]
[WhiteElo "2856"]
[BlackElo "2506"]
[PlyCount "67"]
[EventDate "2024.??.??"]
[WhiteTeam "GER"]
[BlackTeam "ECU"]
[TimeControl "180+1"]
[WhiteClock "0:01:49"]
[BlackClock "0:01:14"]

1. Nf3 {[%emt 0:00:05] Horn,Peter} d5 2. g3 c5 3. Bg2 Nf6 4. O-O Bf5 ({RR} 4... b5 5. d3 e6 6. e4 dxe4 ({RR} 6... Bb7 7. e5) ({RR} 6... Be7) 7. Ng5 Bb7 8. Nc3 ({RR} 8. a4 a6 9. Nc3 Qb6 10. Ncxe4 Nxe4 11. Nxe4 Nc6 12. Be3 Rd8 13. axb5 axb5 14. Qe1) 8... Be7 9. Ngxe4 Nxe4 10. Nxe4 Nc6 ({RR} 10... Qb6 11. a4 a6) 11. a4 bxa4 ({RR} 11... b4) ({RR} 11... a6 12. Be3) 12. Rxa4 O-O 13. Be3 Qb6 14. b3 Nb4 15. Nd2 Bxg2 16. Kxg2 Qc6+ 17. Kg1 e5 18. Nc4 Qd5 19. Bd2 {Markowski,T (2587)-Kempinski,R (2553) Warsaw 2003 CBM 095 [Horn,Peter] 1-0 (57)}) 5. d4 ({RR} 5. d3 e6 6. Nbd2 h6 7. Re1 Be7 8. e4 dxe4 9. Nh4 Bg4 10. f3 exf3 11. Bxf3 Bxf3 12. Qxf3 Nc6 13. c3 O-O 14. Ne4 Ne5 15. Nxf6+ Bxf6 16. Qxb7 Rb8 17. Qxa7 Qd5 18. Qa4 Bxh4 19. gxh4 Nf3+ {Wueest,A (2234)-Kochiev,I (2064) chess.com INT 2024 0-1 (37)}) 5... cxd4 $146 ({RR} 5... e6 6. c4 Be7 7. Qb3 Qb6 8. dxc5 Qxb3 9. axb3 Bxb1 10. Rxb1 Nc6 11. Bd2 Ne4 12. cxd5 exd5 13. Be3 O-O 14. Rfd1 Rfd8 15. Rbc1 g6 16. Nd4 f5 17. Ne6 Rd7 18. f3 Nf6 19. Nd4 Kf7 20. Bh3 {Janjic,J (2070)-Jovicic,D (2135) Belgrade 2019 ½-½ (46)}) 6. Nxd4 Bd7 7. c4 e5 8. Nc2 Bc6 9. Bg5 dxc4 10. Qxd8+ Kxd8 11. Nd2 h6 12. Bxf6+ gxf6 13. Nxc4 Bxg2 14. Kxg2 Nd7 15. Rfd1 Rc8 16. N2e3 b5 17. Nd2 Bc5 18. Nf5 Kc7 19. Ne4 Rhd8 20. Rac1 Kb6 21. b4 Bd4 22. Rxc8 Rxc8 23. e3 Rc2 24. exd4 exd4 25. Rxd4 Ne5 26. Rd6+ Kc7 27. Rxf6 Rxa2 28. Nc3 Rb2 29. Nxb5+ Kb7 30. Nbd6+ Kc6 31. Nxf7+ Kd5 32. Ne3+ Ke4 33. Rf4+ Kd3 34. Nxe5+ 1-0

[Event "July 23 Late 2024"]
[Site "Chess.com"]
[Date "2024.07.23"]
[Round "10.14"]
[White "Andreikin, Dmitry"]
[Black "Makarian, Rudik"]
[Result "1-0"]
[ECO "A07"]
[WhiteElo "3098"]
[BlackElo "2927"]
[PlyCount "77"]
[EventDate "2024.??.??"]
[WhiteTeam "FID"]
[BlackTeam "FID"]
[TimeControl "180+1"]
[WhiteClock "0:00:29"]

1. Nf3 Nf6 2. g3 d5 3. Bg2 e6 4. O-O Be7 5. d3 O-O 6. a4 a5 7. Bf4 Bd6 8. Bxd6 Qxd6 9. Nc3 e5 10. e4 d4 11. Nb5 $146 ({RR} 11. Nb1 c6 12. h3 Na6 13. Nh4 Qb4 14. Qc1 Nc5 15. b3 b5 16. Nf5 Bxf5 17. exf5 e4 18. axb5 cxb5 19. dxe4 Ncxe4 20. Qe1 Rae8 21. Qxb4 axb4 22. Ra5 Rb8 23. Rd1 Rfd8 24. Ra7 Rbc8 25. Re7 Nc3 {Dronavalli,H (2500)-Ushenina,A (2434) Kolkata IND 2023 ½-½ (40)}) 11... Qe7 12. c3 dxc3 13. bxc3 Rd8 14. Qc2 Ra6 15. d4 exd4 16. e5 Nd5 17. Nfxd4 Rh6 18. Rfe1 Nc6 19. Rad1 Nxd4 20. Nxd4 c6 21. e6 Bxe6 22. c4 Nb4 23. Nf5 Nxc2 24. Nxe7+ Kf8 25. Rxd8+ Kxe7 26. Red1 Nb4 27. Rb8 Rh5 28. Rxb7+ Kf6 29. Ra7 Rc5 30. Bf1 h5 31. f4 g5 32. fxg5+ Kxg5 33. Rd8 Kf6 34. Rda8 Bxc4 35. Rxa5 Rxa5 36. Rxa5 Bd5 37. Ra7 Ke5 38. a5 c5 39. Rc7 1-0

[Event "July 23 Late 2024"]
[Site "Chess.com"]
[Date "2024.07.23"]
[Round "10.22"]
[White "Szpar, Milosz"]
[Black "Tarhan, Adar"]
[Result "1-0"]
[ECO "A09"]
[WhiteElo "2913"]
[BlackElo "2706"]
[PlyCount "85"]
[EventDate "2024.??.??"]
[WhiteTeam "POL"]
[BlackTeam "TUR"]
[TimeControl "180+1"]
[WhiteClock "0:00:16"]
[BlackClock "0:00:01"]

1. Nf3 d5 2. c4 d4 3. b4 Nf6 4. g3 c5 5. Bg2 cxb4 6. O-O Nc6 7. a3 bxa3 8. d3 e5 9. Bg5 $146 ({RR} 9. Qa4 Bd7 10. Nxa3 Bd6 11. Bg5 O-O 12. Rfb1 Rb8 13. Nd2 h6 14. Bxf6 gxf6 15. Nb5 Bg4 16. Kf1 Qd7 17. Nxa7 Ra8 18. Qb5 Rfb8 19. Ne4 Be7 20. Qb6 Bh3 21. Nxc6 Bxg2+ 22. Kxg2 Qxc6 23. Rxa8 Rxa8 {Yu,Y (2738)-Zhao,Y (2313) China 2016 1-0}) ({RR} 9. Qa4 Bd7 10. Bxa3 Bxa3 11. Qxa3 Qe7 12. Nbd2 ({RR} 12. Ng5 Qxa3 13. Nxa3 Ke7 14. Rfb1 Rab8 15. f4 exf4 16. gxf4 Nh5 17. Rf1 Nb4 18. Ne4 Rhc8 19. Nd2 Bc6 20. Nb3 Bxg2 21. Kxg2 Rd8 22. Kf3 a6 23. Rfb1 b6 24. Rb2 Rd6 25. Nd2 a5 26. Ne4 Re6) 12... Qxa3 13. Rxa3 Ke7 14. Rb1 Rab8 15. Ne1 Rhc8 16. Nc2 a6 17. f4 Ng4 18. fxe5 Ngxe5 19. Nf3 Nxf3+ 20. Bxf3 b5 21. Bxc6 Rxc6 22. Nxd4 Rd6 23. e3 Rc8 {Carlsen,M (2828)-Duda,J (2748) Warsaw, Poland 2024 1-0 (66)}) ({RR} 9. Qa4 Bd7 10. Bxa3 Bxa3 11. Qxa3 Qe7 12. Nbd2 Qxa3 13. Rxa3 Ke7 14. Rb1 Rab8 15. Ne1 Rhc8 16. Nc2 a6 17. f4 Ng4 18. fxe5 Ngxe5 19. Nf3 Nxf3+ 20. Bxf3 b5 21. Bxc6 Rxc6 22. Nxd4 Rd6 23. e3 Rc8 {Carlsen,M (2830)-Duda,J (2734) Warsaw POL 2024 1-0 (66)}) 9... h6 10. Bxf6 Qxf6 11. Nxa3 Bxa3 12. Rxa3 O-O 13. Qa1 Re8 14. Rb1 e4 15. Nd2 e3 16. fxe3 Rxe3 17. Ne4 Qe7 18. Bf3 Ne5 19. Kg2 Nxf3 20. exf3 Re2+ 21. Kg1 Bh3 22. Rab3 f5 23. Rxb7 Qd8 24. Nf2 Qe8 25. R7b2 f4 26. Rxe2 Qxe2 27. Qxd4 fxg3 28. Qd5+ Kh7 29. hxg3 Rb8 30. Rc1 Qd2 31. Rd1 Qc2 32. Qe4+ Kh8 33. d4 Qa4 34. d5 Re8 35. Qd4 Bd7 36. c5 Qb5 37. c6 Bxc6 38. dxc6 Qxc6 39. Qd5 Qf6 40. Kg2 a6 41. Rd2 Re3 42. Qa8+ Qd8 43. Rxd8+ 1-0

[Event "July 23 Late 2024"]
[Site "Chess.com"]
[Date "2024.07.23"]
[Round "10.59"]
[White "Hernandez Amura, Gilberto"]
[Black "Sargsyan, Anna M."]
[Result "1-0"]
[ECO "A05"]
[WhiteElo "2528"]
[BlackElo "2638"]
[PlyCount "77"]
[EventDate "2024.??.??"]
[WhiteTeam "ARG"]
[BlackTeam "ARM"]
[TimeControl "180+1"]
[WhiteClock "0:01:21"]
[BlackClock "0:01:43"]

1. Nf3 Nf6 2. g3 g6 3. b3 Bg7 4. Bb2 O-O 5. Bg2 d5 6. c4 dxc4 7. bxc4 c5 8. O-O Nc6 9. d3 Nd4 ({RR} 9... Bf5 10. Nc3 Qd7 11. Re1 Rac8 12. Rb1 b6 13. Nb5 Bh3 14. Bh1 Ne8 15. Bxg7 Nxg7 16. Ng5 Bg4 17. Qd2 h6 18. Ne4 Kh7 19. Nec3 f5 20. f3 Bh5 21. f4 e6 22. Bg2 Rfd8 23. Kh1 Qe7 24. Qe3 {Radjabov,T (2744)-Jakovenko,D (2736) Khanty-Mansiysk 2011 1-0 (48)}) 10. Bxd4 $146 ({RR} 10. Nbd2 Rb8 11. Nb3 Nxb3 12. axb3 a6 13. Be5 Nd7 14. Bxg7 Kxg7 15. b4 cxb4 16. Qa4 b5 17. Qxb4 bxc4 18. Qxc4 Nf6 19. Nd4 Qd6 20. Nc6 Rb2 21. e4 e5 22. d4 Rb6 23. Rac1 Nd7 24. f4 exd4 {Galzagorri Uli,Y (2227)-Salcedo,M (2026) San Sebastian 2005 1-0 (33)}) ({RR} 10. Nxd4 cxd4 11. Nd2 e5 12. a4 Qc7 13. a5 Rb8 14. Ba3 Re8 15. Qb3 Bd7 16. a6 bxa6 17. Qa2 Bc6 18. Nf3 a5 19. Rfb1 a4 20. Bb4 a5 21. Be1 Bf8 22. Nh4 a3 23. Bd2 Bb4 24. Bc1 Bxg2 {Arabidze,M (2426)-Mestnikov,A (2097) Chess.com INT 2022 1-0 (41)}) 10... cxd4 11. Nbd2 Re8 12. Rb1 Rb8 13. Qa4 a6 14. Qb4 e5 15. Ng5 Bf8 16. Qb6 Qxb6 17. Rxb6 Nd7 18. Rb2 h6 19. Nge4 f5 20. Rfb1 fxe4 21. Nxe4 Nc5 22. Nf6+ Kf7 23. Nxe8 Kxe8 24. Rb6 Na4 25. Rxa6 Nc3 26. Rb2 bxa6 27. Rxb8 Nxa2 28. Rxc8+ Kf7 29. Bd5+ Kg7 30. Ra8 Nb4 31. Ra7+ Kh8 32. h4 Bc5 33. Ra8+ Kg7 34. Bb7 e4 35. dxe4 d3 36. exd3 Nxd3 37. Rxa6 Bxf2+ 38. Kg2 Bd4 39. Rd6 1-0

[Event "XTX Markets London Classic-Elite 2024"]
[Site "London"]
[Date "2024.12.01"]
[Round "3.1"]
[White "Mamedyarov, Shakhriyar"]
[Black "Ju, Wenjun"]
[Result "1-0"]
[ECO "A07"]
[WhiteElo "2738"]
[BlackElo "2563"]
[Annotator "TA"]
[PlyCount "85"]
[EventDate "2024.??.??"]
[TimeControl "60"]

1. Nf3 d5 2. g3 g6 3. Bg2 Bg7 4. O-O e5 5. d3 Ne7 6. c4 c6 7. e4 O-O ({RR} 7... dxe4 8. dxe4 Qxd1 9. Rxd1 Be6 10. b3 f6 11. Nc3 Na6 12. Be3 h5 13. Ne1 h4 14. Nd3 hxg3 15. hxg3 Kf7 16. f4 exf4 17. gxf4 Rhd8 18. Kf2 Rd7 19. Nc5 Nxc5 20. Bxc5 b6 21. Rxd7 Bxd7 22. Be3 {Ding,L (2799)-Aronian,L (2782) chess24.com INT 2021 ½-½ (53)}) ({RR} 7... dxe4 8. dxe4 Qxd1 9. Rxd1 Be6 10. b3 f6 11. Nc3 Na6 12. Be3 h5 13. Ne1 h4 14. Nd3 hxg3 15. hxg3 Kf7 16. f4 exf4 17. gxf4 Rhd8 18. Kf2 Rd7 19. Nc5 Nxc5 20. Bxc5 b6 21. Rxd7 Bxd7 22. Be3 {Ding,L (2799)-Aronian,L (2782) chess24.com INT 2021 ½-½ (53)}) 8. b4 dxe4 $146 ({RR} 8... a5 9. b5 dxc4 10. dxc4 Be6 11. Qe2 h6 12. Rd1 Qc7 13. Ba3 Re8 14. Nc3 Nd7 15. Rac1 c5 16. Nd5 Bxd5 17. cxd5 Nc8 18. Bh3 b6 19. Nd2 Nd6 20. Bb2 Nf8 21. a4 h5 22. Nc4 Nxc4 23. Rxc4 {Glashausser,S (1973)-Keller,P (2289) chess.com INT 2024 0-1 (42)}) ({RR} 8... d4 9. a4 c5 10. bxc5 Nec6 11. Nbd2 Be6 12. Rb1 Nd7 13. Rxb7 Nxc5 14. Rb5 Nxd3 15. Ba3 a6 16. Rb3 Nxf2 17. Rxf2 Re8 18. h4 Bh6 19. Ng5 Bxg5 20. hxg5 Qxg5 21. Rb6 Rac8 22. Qf3 d3 23. Bd6 {Oparin,G (2674)-Aronian,L (2785) Chess.com INT 2022 ½-½ (53)}) 9. dxe4 {[%emt 0:00:09] The position is equal.} Nf5 $146 ({RR} 9... Qxd1 10. Rxd1 Be6 11. Na3 Na6 12. Ng5 Bg4 13. f3 Bc8 14. b5 Nc5 15. Be3 Na4 16. Rac1 h6 17. Nh3 Be6 18. Nf2 Rfc8 19. Nd3 f6 20. Nc5 Nxc5 21. Bxc5 Bf8 22. f4 Bg4 23. Rf1 cxb5 24. cxb5 {Borne,F (2225)-Kjartansson,G (2450) Reykjavik ISL 2025 1-0 (61)}) 10. Bb2 (10. exf5 e4 11. Qxd8 Rxd8 $15) 10... Nd4 11. Nxd4 exd4 12. Nd2 a5 13. b5 a4 14. Ba3 Re8 15. f4 cxb5 16. cxb5 d3 17. e5 f5 {[%emt 0:12:28] Prevents Ne4.} (17... Qd4+ $16 18. Rf2 Bg4) 18. Kh1 (18. Nf3 $18) 18... Be6 $16 19. Bxb7 (19. Qf3 $142) 19... Ra5 20. Bg2 Rxb5 {[%emt 0:00:02] [#]} (20... Bf8 $16 {might work better.} 21. Bxf8 Rxf8) 21. Bd6 (21. Qxa4 $2 Ra5 22. Qd1 (22. Qb4 $2 Bf8 $19) 22... Rxa3 $19) ({Only move:} 21. Nc4 $1 $18 ) 21... Bf8 22. Qxa4 Qa5 23. Qxa5 Rxa5 {[%emt 0:00:02] [#]} 24. Bxf8 $1 Kxf8 25. Nb3 Ra3 26. Nc5 Nd7 27. Nxe6+ Rxe6 28. Rfc1 {[%emt 0:00:03] Against Nc5} Rea6 29. Rc8+ (29. Rc7 $16 Rxa2 30. Rxa2 Rxa2 31. Rxd7 Ra1+ 32. Bf1 Rxf1+ 33. Kg2) 29... Ke7 $11 30. Bc6 {[%emt 0:00:27] Rd1 is the strong threat.} Ra7 $1 31. Rh8 Nf8 {[%emt 0:01:42][%cal Oa3c3] White must now prevent ...Rc3!} 32. Bd5 (32. Rg8 $11 {deserves consideration.}) 32... d2 $15 {[%emt 0:02:45][%mdl 1024] Black has compensation.} 33. Rd1 Rd3 34. Rg8 Ne6 {[%emt 0:01:33] Against Rg7+} (34... Ke8 $5 35. Bc4 Rc3 36. Bb5+ Kf7 37. Rxf8+ (37. Rh8 $2 Rc1 $19) 37... Kxf8 38. Rxd2 Ke7 $15) 35. Bc4 $36 {[%emt 0:00:50][%mdl 2048] White has good play.} Rd4 36. Rc8 ({Don't blunder} 36. Rh8 $2 Rxc4 37. Rxd2 (37. Rxh7+ $2 {too greedy.} Kf8 $19) 37... Nf8 $19) 36... Nc7 (36... g5 $11 {remains equal.}) 37. Bb3 $16 Kd7 38. Rh8 h5 (38... Kc6 $16) 39. Kg2 {[%emt 0:03:36] Kf3 would now be deadly.} Kc6 $2 (39... Ra3) 40. Kf2 $18 Nb5 41. Rc8+ ({Weaker is} 41. Ke3 Rad7 $18) 41... Kb6 42. a4 Nc7 43. Ke3 {[%emt 0:00:00][%csl Bd2,Bd4] Weighted Error Value: White=0.14 (very precise) /Black=0.31. Mistake: 	White=5 	Black=5 Inaccurate: 	--- 	Black=3 OK: 	White=15 	Black=12 Best: 	White=5 	Black=3 Strong: 	White=1 	Black=1} 1-0